cohdb
Replays
Latest Replays
All Replays
Popular Replays
Top Player Replays
Match Explorer
How It Works
Community
CoH3 Stats
Reddit
Sign in to upload your games and track your stats! →
Sign in with Steam
Match 38758236
Unlisted
Match 38758236
Overview
Messages
Build Orders
End
Panzerpioneer Squad
250 Light Carrier
Panzergrenadier Squad
Panzergrenadier Squad
Construct Light Support Kompanie
Fire Support Elements
Veteran Squad Leaders
Selects Battlefield Espionage Battlegroup
Selects Intel Disruption Beacon
Selects Transfer Depots
Pak 38 Mechanized Group
Vehicle Survival Package
Kampfstärke
Pannkaka
Starsilver
Danver
silentbreacher
PurePinoy
0
0
Comments
sign in to comment!
No comments posted yet!